 Dungeon Crawl Stone Soup version 0.27-a0-1144-g0b7d3b79db (webtiles) character file.

Game seed: 15961321450883759785

74 Azzok the Digger (level 4, -9/27 HPs)
             Began as an Octopode Earth Elementalist on May 10, 2021.
             Killed by nerve-wracking pain
             ... invoked by an orc priest
              (10 damage)
             ... on level 2 of the Dungeon.
             The game lasted 00:01:58 (1734 turns).

Azzok the Digger (Octopode Earth Elementalist)      Turns: 1734, Time: 00:01:58

Health: -9/27      AC:  1    Str:  7    XL:     4   Next: 28%
Magic:  1/8        EV: 13    Int: 18    God:
Gold:   20         SH:  0    Dex: 12    Spells: 5/9 levels left

rFire    . . .     SeeInvis .   c - +0 dagger
rCold    . . .     Faith    .   (no shield)
rNeg     . . .     Spirit   .   (helmet restricted)
rPois    .         Reflect  .   (no amulet)
rElec    .         Harm     .   (no ring)
rCorr    .         Rampage  .   (no ring)
Will     .....                  (no ring)
Stlth    +++.......             (no ring)
HPRegen  0.09/turn              (no ring)
MPRegen  0.11/turn              (no ring)
                                (no ring)
                                (no ring)

@: no status effects
A: almost no armour, amphibious, 8 rings, camouflage 1, gelatinous body 1,
(nimble swimmer 1), tentacles
a: no special abilities


You were on level 2 of the Dungeon.
You visited 1 branch of the dungeon, and saw 2 of its levels.

You collected 20 gold pieces.

Inventory:

Hand Weapons
 c - a +0 dagger (weapon)
Missiles
 b - 17 stones
Scrolls
 a - 2 scrolls of identify {unknown}
 e - a scroll of summoning {unknown}
 f - a scroll of enchant weapon {unknown}
 g - a scroll of amnesia {unknown}
 h - a scroll of teleportation {unknown}
 i - a scroll of brand weapon {unknown}
 j - a scroll of vulnerability {unknown}
Potions
 d - a potion of brilliance {unknown}


   Skills:
 - Level 2.0 Dodging
 - Level 2.6 Stealth
 + Level 3.0 Spellcasting
 + Level 1.2 Conjurations
 - Level 1.0 Transmutations
 + Level 3.9 Earth Magic


You had 5 spell levels left.
You knew the following spells:

 Your Spells              Type           Power      Damage    Failure   Level
a - Sandblast             Erth           32%        2d9       3%          1
b - Stone Arrow           Conj/Erth      24%        3d8       17%         3

Your spell library contained the following spells:

 Spells                   Type           Power      Damage    Failure   Level
 Passwall                 Tmut/Erth      9%         N/A       9%          2
 Petrify                  Tmut/Erth      11%        N/A       52%         4
 Lee's Rapid Deconstruct  Erth           8%         3d8*      65%         5


Dungeon Overview and Level Annotations

Branches:
Dungeon (2/15)

Altars:


Innate Abilities, Weirdness & Mutations

You cannot wear most types of armour.
You are amphibious.
You can wear up to eight rings at the same time.
Your skin changes colour to match your surroundings (Stealth+).
Your rubbery body absorbs attacks. (AC +1, EV +1)
((You are camouflaged near water. (Stealth+)))
You have tentacles for arms and can constrict up to eight enemies at once.


Message History

Aim: an orc priest, wielding a +0 whip and wearing a +0 chain mail (moderately wounded, 85% to hit)
The blast of sand hits the orc priest but does no damage.
The orc priest is moderately wounded.
* * * LOW MAGIC WARNING * * *
The orc priest barely misses you.
You hit the orc priest. Your grab misses the orc priest.
You squeeze the orc priest!
The orc priest is almost dead.
The orc priest hits you with a +0 whip.
You closely miss the orc priest. You grab the orc priest.
You squeeze the orc priest, but do no damage.
The orc priest is almost dead.
You constrict the orc priest, but do no damage.
The orc priest looks satisfied for a moment.
You hit the orc priest but do no damage.
The orc priest is almost dead.
You constrict the orc priest, but do no damage.
The orc priest calls down the wrath of Beogh upon you.
Pain shoots through your body!
* * * LOW HITPOINT WARNING * * *
You hit the orc priest but do no damage.
The orc priest is almost dead.
You constrict the orc priest, but do no damage.
The orc priest hits you with a +0 whip.
* * * LOW HITPOINT WARNING * * *
The orc priest shouts!
You hit the orc priest but do no damage.
The orc priest is almost dead.
You constrict the orc priest. The orc priest hits you with a +0 whip.
* * * LOW HITPOINT WARNING * * *
You hit the orc priest but do no damage.
The orc priest is almost dead.
You constrict the orc priest, but do no damage.
The orc priest barely misses you.
You hit the orc priest but do no damage.
The orc priest is almost dead.
You constrict the orc priest, but do no damage.
The orc priest calls down the wrath of Beogh upon you.
Pain shoots through your body!
You die...

·············▒··▒······l··
▒▒▒▒·▒▒▒[····▒··▒········J
▒·†·····▒▒▒··▒▒········
▒·····▒▒▒ ▒··▒▒········
▒·····▒ ▒··▒▒········
▒·····▒ ▒···╬········
▒·····▒▒▒▒▒···▒········
▒··········)··▒
▒·····▒▒▒▒▒▒·@▒▒▒▒▒▒▒▒▒
▒·▒···········o········
▒·▒·▒▒▒▒▒▒▒▒··▒▒▒▒▒▒▒▒▒
▒·▒· ▒··▒ ▒· ····▒ ▒·
▒▒▒▒o▒ ··▒ ··▒ ▒·▒


You could see 2 orc priests.

Vanquished Creatures
  An orc wizard (D:2)
  3 dart slugs (D:1)
  2 endoplasms (D:1)
  5 giant cockroaches
  6 goblins (D:1)
  3 hobgoblins
  7 jackals (D:1)
  2 ball pythons (D:1)
  A bat (D:1)
  A frilled lizard (D:2)
  4 kobolds
  4 rats (D:1)
39 creatures vanquished.

Notes
Turn   | Place    | Note
-------+----------+-------------------------------------------
     0 | D:1      | Azzok the Octopode Earth Elementalist began the quest for
                  | the Orb.
     0 | D:1      | Reached XP level 1. HP: 11/11 MP: 3/3
   177 | D:1      | Reached XP level 2. HP: 5/17 MP: 0/5
  1042 | D:1      | Reached XP level 3. HP: 21/21 MP: 6/6
  1046 | D:1      | Learned a level 3 spell: Stone Arrow
  1482 | D:1      | Found a faded altar of an unknown god.
  1656 | D:2      | Reached skill level 1 in Conjurations
  1656 | D:2      | Reached XP level 4. HP: 27/27 MP: 3/8
  1732 | D:2      | HP: 1/27 [orc priest/+0 whip (4)]
  1734 | D:2      | Killed from afar by an orc priest

Illustrated notes

Levels and vault maps discovered:
D:1:      dpeg_arrival_shrine, layout_loops_cross,
          shapermc_ecumenical_altar_notcrosses, minmay_worlds_worst_comb
D:2:      layout_basic, minmay_lizard_pond

Skill      XL: |  1  2  3 |
---------------+----------+-----
Spellcasting   | 3 |  3.0
Conjurations   | 1 |  1.2
Dodging        | |  2.0
Stealth        | |  2.6
Transmutations | |  1.0
Earth Magic    | |  3.9

Action                   |  1- 3 |  4- 6 || total
-------------------------+-------+-------++-------
Melee: Unarmed           |    27 |       ||    27
       Constrict         |    27 |     1 ||    28
       Tentacles         |    17 |     2 ||    19
       Dagger            |    75 |     7 ||    82
 Cast: Sandblast         |     8 |     8 ||    16
 Stab: Sleeping          |    10 |       ||    10
Armor: Skin              |     9 |       ||     9
Dodge: Dodged            |    65 |     4 ||    69

Table legend: (Time is in decaauts)
 A = Elapsed time spent in this place.
 B = Non-inter-level travel time spent in this place.
 C = Inter-level travel time spent in this place.
 D = Time resting spent in this place.
 E = Time spent auto-exploring this place.
 F = Levels seen in this place.
 G = Mean time per level.
                   A        B        C        D        E       F      G
               +--------+--------+--------+--------+--------+-----+--------+
         Total |   1733 |   1720 |     13 |    162 |   1255 |   2 |  866.5 |
       Dungeon |   1733 |   1720 |     13 |    162 |   1255 |   2 |  866.5 |
               +--------+--------+--------+--------+--------+-----+--------+

Top non-repeatable levels by time:
     D:1: 1546 daAuts
     D:2: 186 daAuts
